 Dungeon Crawl Stone Soup version 0.18-a0-1685-g4482fe3 (webtiles) character file.

123 Duffy the Poker (level 5, -3/43 HPs)
             Began as a Formicid Wanderer on Apr 5, 2016.
             Slain by Crazy Yiuf
             ... wielding a +4 quarterstaff of chaos
              (8 damage)
             ... on level 3 of the Dungeon.
             The game lasted 00:04:40 (3459 turns).

Duffy the Poker (Formicid Wanderer)                 Turns: 3459, Time: 00:04:41

Health: -3/43      AC:  8    Str: 15    XL:     5   Next: 29%
Magic:  5/5        EV:  9    Int: 12    God:
Gold:   162        SH:  0    Dex: 12    Spells: 0 memorised, 4 levels left

rFire  . . .     SeeInvis +     a - +2 spear
rCold  . . .     Gourm    .     i - +0 scale mail
rNeg   . . .     Faith    .     (no shield)
rPois  .         Spirit   .     (helmet unavailable)
rElec  .         Dismiss  .     (no cloak)
rCorr  .         Reflect  .     (no gloves)
SustAt .         Harm     +     m - +1 pair of boots
MR     .....                    v - amulet of harm
Stlth  ..........               (no ring)
                                s - ring of loudness (curse)

@: lethally poisoned (-3 -> -12), not resistant to hostile enchantments,
extremely unstealthy
A: permanent stasis, dig shafts and tunnels, four strong arms, antennae 3
a: Dig, Shaft Self


You were on level 3 of the Dungeon.
You were not hungry.

You visited 1 branch of the dungeon, and saw 3 of its levels.

You collected 162 gold pieces.


Innate Abilities, Weirdness & Mutations

You are under a permanent stasis effect.
You can dig through walls and to a lower floor.
Your four strong arms can wield two-handed weapons with a shield.
You have a pair of large antennae on your head (SInv).


   Skills:
 - Level 4.3 Fighting
   Level 1.0 Maces & Flails
 + Level 4.7 Polearms
 - Level 2.0 Throwing
 - Level 2.1 Armour


You had 4 spell levels left.
You didn't know any spells.

Inventory:

Hand Weapons
 a - a +2 spear (weapon)
Missiles
 h - a tomahawk (quivered)
 n - 10 poisoned needles
Armour
 e - a +0 chain mail
 i - a +0 scale mail (worn)
 m - a +1 pair of boots (worn)
Jewellery
 s - a cursed ring of loudness (left hand)
 v - an amulet of harm (around neck)
Scrolls
 b - 2 scrolls of enchant armour
 j - 2 scrolls of remove curse {unknown}
 k - 2 scrolls of magic mapping {unknown}
 o - 2 scrolls of immolation {unknown}
 q - a scroll of recharging {unknown}
 t - a scroll of random uselessness {unknown}
 y - a scroll of amnesia {unknown}
Potions
 c - a potion of curing
 l - a potion of agility
 u - a potion of lignification
 w - 2 potions of flight
Comestibles
 f - 3 bread rations
 g - a beef jerky
 r - a meat ration
 x - 5 fruits

Dungeon Overview and Level Annotations

Branches:
Dungeon (3/15)

Altars:
Fedhas
Gozag

Annotations:
D:3 Crazy Yiuf


Message History

Crazy Yiuf zaps a wand.
The puff of flame hits you!
It is a wand of flame.
Attack whom?
Press: ? - help, Dir - move target cursor, f/p - Crazy Yiuf
Aim: Crazy Yiuf, wielding a quarterstaff of chaos, wearing a cloak and carrying a wand of flame {zapped: 1} (heavily wounded)
You reach to attack!
You puncture Crazy Yiuf!
Crazy Yiuf is almost dead.
You closely miss Crazy Yiuf.
Crazy Yiuf is almost dead.
Crazy Yiuf hits you with a quarterstaff of chaos.
Crazy Yiuf freezes you.
You barely miss Crazy Yiuf.
Crazy Yiuf is severely wounded.
You hit Crazy Yiuf but do no damage.
Crazy Yiuf is severely wounded.
Crazy Yiuf hits you with a quarterstaff of chaos!
You are poisoned.
You are too injured to fight recklessly!
You are too injured to fight recklessly!
You are too injured to fight recklessly!
You barely miss Crazy Yiuf.
Crazy Yiuf is severely wounded.
You feel sick.
Crazy Yiuf says, "Shadow foot horse!"
Crazy Yiuf hits you but does no damage.
You barely miss Crazy Yiuf.
Crazy Yiuf is severely wounded.
You feel sick.
Crazy Yiuf zaps a wand.
The puff of flame hits you!
You hit Crazy Yiuf but do no damage.
Crazy Yiuf is severely wounded.
You feel sick. Crazy Yiuf closely misses you.
You hit Crazy Yiuf.
Crazy Yiuf is almost dead.
You feel sick.
Crazy Yiuf hits you with a quarterstaff of chaos!
You die...

........##..##.#..#.##.#.#.......
..###.#..................#.....##
..#...........[...#............##
..#..##..################......##
..#..##..# #..#.#... ..#..##..#
#........ ..#......# ###
77##....###. ....)....# #)))#77
77P.......... ......#..#
#.()g@7777PP........#. ......#..#
#)))#7))7)P.........#. ..##..#..#
### 777)7)7..#.....#. ..#......#
77777###.#####. ..#......#
##.......
#.#...#..################.<......
#.#...#......#...............####
...........#.##.######.#.#.#.#...
####.......#.##.# #.#.#.......


You could see Crazy Yiuf.

Action                   |  1- 3 |  4- 6 || total
-------------------------+-------+-------++-------
Melee: Spear             |    98 |   179 ||   277
Throw: Tomahawk          |       |     1 ||     1
 Abil: Dig               |       |     1 ||     1
  Use: Scroll            |     2 |     4 ||     6
  Eat: Chunk             |     2 |     5 ||     7
       Fruit             |       |     2 ||     2

Notes
Turn   | Place    | Note
--------------------------------------------------------------
     0 | D:1      | Duffy the Formicid Wanderer began the quest for the Orb.
     0 | D:1      | Duffy set off with: a +2 spear, a +0 short sword, a potion of curing, a +0 robe, a bread ration
     0 | D:1      | Reached XP level 1. HP: 20/20 MP: 1/1
   443 | D:1      | Reached XP level 2. HP: 15/26 MP: 2/2
   619 | D:1      | Reached skill level 2 in Polearms
  1106 | D:1      | Reached XP level 3. HP: 8/31 MP: 3/3
  1294 | D:1      | Reached skill level 3 in Polearms
  1519 | D:2      | Reached XP level 4. HP: 35/38 MP: 4/4
  1855 | D:2      | Found a faded altar to an unknown god.
  1865 | D:2      | Reached skill level 4 in Polearms
  2217 | D:2      | Found an opulent altar of Gozag.
  2393 | D:2      | Reached XP level 5. HP: 43/43 MP: 5/5
  3350 | D:3      | Found a blossoming altar of Fedhas.
  3449 | D:3      | Noticed Crazy Yiuf
  3459 | D:3      | Slain by Crazy Yiuf

Vault maps used:
D:1:      dpeg_arrival_fog
D:2:      nicolae_overflow_hidden_temple, ecumenical_altar_2
D:3:      fedhas_altar_fruit_tree, uniq_crazy_yiuf_cottage

Vanquished Creatures
  6 adders
  A worm
  2 dart slugs
  2 giant geckos
  4 orcs
  5 giant cockroaches
  4 hobgoblins
  4 jackals
  A quokka
  A ball python
  6 bats
  4 giant newts
  6 goblins
  5 kobolds
  6 rats
  A fungus
58 creatures vanquished.
